[Event "Titled Tuesday Blitz May 24 Early 2022"]
[White "Stanisz, Patryk"]
[Black "Toncheva, Nadya"]
[WhiteFideId "1123106"]
[BlackFideId "2924056"]
[WhiteElo "1833"]
[BlackElo "1888"]
[Result "0-1"]
[Round "08"]
[TimeControl "180+1"]
[Date "2022.05.25"]
[WhiteClock "0:00:27"]
[BlackClock "0:00:39"]

1. e4 c5 2. Nf3 e6 3. d3 Nc6 4. Nc3 g6 5. Bg5 Qb6 6. Rb1 Bg7 7. g3 Nge7 8. Bg2 O-O 9. O-O h6 10. Be3 Nd4 11. Bxd4 cxd4 12. Ne2 Nc6 13. Nd2 Qc7 14. f4 f5 15. e5 d6 16. exd6 Qxd6 17. Nc4 Qc7 18. Re1 b5 19. Na5 Bd7 20. Nxc6 Bxc6 21. Bxc6 Qxc6 22. Kf2 Rae8 23. Ng1 e5 24. fxe5 Bxe5 25. Nf3 Bg7 26. Qd2 Re3 27. Re2 Qxf3+ 28. Ke1 Rfe8 0-1


[Site "https://www.chess.com"]

[Event "Titled Tuesday Blitz May 24 Early 2022"]
[White "Steenbekkers, Franck"]
[Black "Kvaloy, Aksel Bu"]
[WhiteFideId "1004220"]
[BlackFideId "1528815"]
[WhiteElo "2030"]
[BlackElo "2053"]
[Result "0-1"]
[Round "08"]
[TimeControl "180+1"]
[Date "2022.05.25"]
[WhiteClock "0:00:25"]
[BlackClock "0:00:08"]

1. e4 e5 2. Nf3 Nc6 3. Bb5 a6 4. Ba4 Nf6 5. O-O Be7 6. Re1 b5 7. Bb3 O-O 8. c3 d5 9. exd5 Nxd5 10. Nxe5 Nxe5 11. Rxe5 c6 12. d4 Bd6 13. Re1 Qh4 14. g3 Qh3 15. Re4 g5 16. Qf3 Bf5 17. Bxd5 cxd5 18. Re3 Be4 19. Rxe4 dxe4 20. Qf6 Qe6 21. Qxg5+ Qg6 22. Be3 Rae8 23. Nd2 f5 24. Qxg6+ hxg6 25. h4 f4 26. gxf4 Bxf4 27. Re1 Rf5 28. b3 Bxe3 29. Rxe3 Rf4 30. f3 Rxh4 31. fxe4 Rf8 32. e5 Rg4+ 33. Kh2 Kg7 34. d5 Rg5 35. c4 Rf2+ 36. Kh3 Rxd2 37. e6 Kf8 38. a4 bxc4 39. bxc4 Ke7 40. Rf3 Rf5 41. Rb3 Re5 42. Rb7+ Kf6 43. Rf7+ Kg5 44. e7 Rd3+ 45. Kg2 Rd4 46. c5 Rdxd5 47. c6 Rc5 48. c7 Rxc7 49. e8=Q Rc2+ 50. Kg3 Rxe8 0-1


[Site "https://www.chess.com"]

[Event "Titled Tuesday Blitz May 24 Early 2022"]
[White "Taboas Rodriguez, Daniel"]
[Black "Borgaonkar Akshay"]
[WhiteFideId "2208466"]
[BlackFideId "25639110"]
[WhiteElo "2429"]
[BlackElo "1639"]
[Result "1-0"]
[Round "08"]
[TimeControl "180+1"]
[Date "2022.05.25"]
[WhiteClock "0:02:02"]
[BlackClock "0:00:28"]

1. d4 Nf6 2. Nf3 g6 3. c4 Bg7 4. Nc3 d6 5. e4 O-O 6. Be2 e5 7. dxe5 dxe5 8. Qxd8 Rxd8 9. Bg5 Re8 10. Nd5 Nxd5 11. cxd5 c6 12. Bc4 cxd5 13. Bxd5 Nc6 14. O-O-O Be6 15. Bxe6 Rxe6 16. Rd7 Rc8 17. Kb1 h6 18. Be3 f5 19. Rxb7 fxe4 20. Nd2 a6 21. Nxe4 Na5 22. Rb6 Rxb6 23. Bxb6 Nc4 24. Bc5 Rb8 25. b3 Rb5 26. Rd1 Kf7 27. Rd7+ Kg8 28. Ra7 Nd2+ 29. Nxd2 Rxc5 30. Rxa6 Rd5 31. Kc2 Rc5+ 32. Kd3 Rd5+ 33. Ke2 Kh7 34. Ra7 Rc5 35. Ne4 Rc2+ 36. Kd3 Rc1 37. Nf6+ Kh8 38. Ra8+ Bf8 39. Kd2 Ra1 40. Rxf8+ Kg7 41. Nd7 Rxa2+ 42. Ke3 Ra7 43. Rd8 Rb7 44. Nxe5 Rxb3+ 45. Rd3 Rb5 46. Rd7+ Kf6 47. Ng4+ Kg5 48. f3 h5 49. Nf2 Rb3+ 50. Rd3 Rb1 51. Rd5+ Kh6 52. Ne4 Rg1 53. Kf2 Rh1 54. Kg3 Rb1 55. h4 Rb7 56. Ng5 Rd7 57. Re5 Re7 58. f4 Rc7 59. Re8 Kg7 60. Ne6+ Kh7 61. Nxc7 Kh6 62. Ne6 Kh7 63. Re7+ Kh6 64. Kf3 g5 65. fxg5+ Kg6 66. Nf4+ Kf5 67. Rf7+ Ke5 68. g6 Kd4 69. g7 Kc3 70. g8=Q Kd2 71. Rd7+ Ke1 72. Qe6+ Kf1 73. Rd1# 1-0


[Site "https://www.chess.com"]

[Event "Titled Tuesday Blitz May 24 Early 2022"]
[White "Tologon tegin, Semetei"]
[Black "Leschinsky, Gary"]
[WhiteFideId "13800574"]
[BlackFideId "30951321"]
[WhiteElo "2258"]
[BlackElo "1782"]
[Result "1-0"]
[Round "08"]
[TimeControl "180+1"]
[Date "2022.05.25"]
[WhiteClock "0:00:09"]
[BlackClock "0:00:02"]

1. e4 c6 2. d4 d5 3. e5 Bf5 4. Nf3 e6 5. Nbd2 Ne7 6. Nb3 Nd7 7. a4 a6 8. a5 h6 9. Bd2 Rc8 10. Be2 Ng6 11. O-O Be7 12. h3 O-O 13. c4 Be4 14. Ne1 dxc4 15. Bxc4 c5 16. Qe2 Bc6 17. f4 cxd4 18. Rc1 Nh4 19. Nxd4 Nxe5 20. Nxe6 fxe6 21. Bxe6+ Nf7 22. Bc3 Rc7 23. Rd1 Qb8 24. Qg4 Bc5+ 25. Kh1 g5 26. fxg5 Kh7 27. Qxh4 Nxg5 28. Bf5+ Rxf5 29. Rxf5 Rf7 30. Rxf7+ Nxf7 31. Nd3 Qg8 32. Rd2 Ng5 33. Nxc5 Qf7 34. Kh2 Qc7+ 35. Qg3 Qf7 36. Rf2 Qg6 37. Qe5 Qg8 38. Nd3 Ne4 39. Re2 Nxc3 40. bxc3 Qf7 41. Nf4 1-0


[Site "https://www.chess.com"]

[Event "Titled Tuesday Blitz May 24 Early 2022"]
[White "Tomaszewski, Kacper"]
[Black "Shton, Roman"]
[WhiteFideId "1127373"]
[BlackFideId "14137461"]
[WhiteElo "2153"]
[BlackElo "2013"]
[Result "1-0"]
[Round "08"]
[TimeControl "180+1"]
[Date "2022.05.25"]
[WhiteClock "0:01:42"]
[BlackClock "0:01:46"]

1. d4 d5 2. c4 e6 3. Nc3 Bb4 4. a3 Bxc3+ 5. bxc3 c6 6. Bf4 Nf6 7. e3 O-O 8. Nf3 Nbd7 9. Qc2 dxc4 10. Bxc4 c5 11. Bd6 Re8 12. dxc5 Qa5 13. Rb1 a6 14. c6 bxc6 15. O-O Nd5 16. Rfc1 N7b6 17. Bd3 Nf6 18. c4 Nbd7 19. Nd4 c5 20. Nc6 1-0


[Site "https://www.chess.com"]

[Event "Titled Tuesday Blitz May 24 Early 2022"]
[White "Tymrakiewicz, Rafal"]
[Black "Samunenkov, Ihor"]
[WhiteFideId "1108832"]
[BlackFideId "14187086"]
[WhiteElo "2205"]
[BlackElo "2409"]
[Result "0-1"]
[Round "08"]
[TimeControl "180+1"]
[Date "2022.05.25"]
[WhiteClock "0:00:10"]
[BlackClock "0:00:09"]

1. e4 c5 2. c3 d5 3. exd5 Qxd5 4. d4 Nf6 5. Nf3 e6 6. Be3 cxd4 7. cxd4 Nc6 8. Nc3 Qd8 9. Bd3 Be7 10. O-O O-O 11. Ne5 Bd7 12. Rc1 Rc8 13. Qf3 Nxe5 14. dxe5 Bc6 15. Qe2 Nd5 16. Nxd5 Qxd5 17. f4 Qxa2 18. Bc4 Qa5 19. Kh1 a6 20. Bd2 Bb4 21. Be3 Bd5 22. Bd3 Rxc1 23. Rxc1 Bc6 24. Bc4 Rd8 25. Rd1 Rxd1+ 26. Qxd1 g6 27. h4 h5 28. Kh2 Bd5 29. Bd3 Bc5 30. Bd2 Qb6 31. Qc1 Bd4 32. Bc3 Bxc3 33. bxc3 Qf2 34. Qf1 Qxh4+ 35. Kg1 Qg3 36. Be2 h4 37. Bf3 Bxf3 38. Qxf3 Qxf3 39. gxf3 a5 40. c4 a4 41. Kf2 a3 0-1


[Site "https://www.chess.com"]

[Event "Titled Tuesday Blitz May 24 Early 2022"]
[White "Urazayev, Arystanbek"]
[Black "Garv Gaur"]
[WhiteFideId "13709810"]
[BlackFideId "45030839"]
[WhiteElo "2422"]
[BlackElo "1950"]
[Result "0-1"]
[Round "08"]
[TimeControl "180+1"]
[Date "2022.05.25"]
[WhiteClock "0:01:38"]
[BlackClock "0:00:52"]

1. e4 c6 2. d4 d5 3. exd5 cxd5 4. Bd3 Nc6 5. c3 Qc7 6. Ne2 Bg4 7. f3 Bd7 8. Bf4 e5 9. dxe5 Nxe5 10. O-O Nf6 11. Nd4 Bd6 12. Nb5 Qb6+ 13. Nd4 O-O 14. Rf2 Nxd3 15. Qxd3 Bxf4 16. Na3 Rfe8 17. Kh1 Be3 18. Rff1 Bxd4 19. cxd4 Qxb2 20. Rab1 Qe2 21. Qc3 Rac8 22. Qa5 Bf5 23. Rbe1 Qa6 24. Qb4 Qb6 25. Qa4 Bd7 26. Qd1 Qa5 27. Nc2 Qxa2 28. Nb4 Qc4 29. Nd3 Ba4 30. Qd2 Qxd4 31. Qa5 Qxd3 32. Qxa4 b5 33. Qxa7 h6 34. h3 Rxe1 35. Rxe1 Qd2 36. Qg1 b4 37. Rd1 Qa2 38. Qd4 b3 39. Rd2 Qb1+ 40. Kh2 Qc1 41. Re2 Qc7+ 42. f4 Qc4 43. Qf2 Ne4 44. Qh4 Qxe2 0-1


[Site "https://www.chess.com"]

[Event "Titled Tuesday Blitz May 24 Early 2022"]
[White "Vainio, Ville"]
[Black "Avazkhonov, Alikhon"]
[WhiteFideId "507270"]
[BlackFideId "14208504"]
[WhiteElo "2224"]
[BlackElo "1739"]
[Result "0-1"]
[Round "08"]
[TimeControl "180+1"]
[Date "2022.05.25"]
[WhiteClock "0:00:02"]
[BlackClock "0:00:01"]

1. e4 c5 2. Nf3 d6 3. d4 cxd4 4. Nxd4 Nf6 5. Nc3 a6 6. Be2 e5 7. Nb3 Be7 8. Bg5 O-O 9. Bxf6 Bxf6 10. Nd5 Nd7 11. Qd3 Nc5 12. Nxc5 dxc5 13. O-O-O Be6 14. Kb1 b5 15. Qc3 c4 16. h4 Bxd5 17. Rxd5 Qc7 18. g4 g6 19. g5 Bg7 20. h5 Rfd8 21. Rhd1 Qe7 22. Qg3 Rxd5 23. exd5 Rd8 24. c3 e4 25. Qe3 Qe5 26. Qc5 Bf8 27. Qc6 Rd6 28. Qa8 Qxg5 29. hxg6 hxg6 30. a3 Rd8 31. Qxa6 Rxd5 32. Rxd5 Qxd5 33. a4 Qd2 34. Bg4 bxa4 35. Qxc4 Qxf2 36. Qxe4 f5 37. Qe6+ Kh7 38. Be2 Bg7 39. Bc4 a3 0-1


[Site "https://www.chess.com"]

[Event "Titled Tuesday Blitz May 24 Early 2022"]
[White "Van den Dikkenberg, Erik"]
[Black "Hartikainen, Jarmo"]
[WhiteFideId "1005880"]
[BlackFideId "503134"]
[WhiteElo "2118"]
[BlackElo "2125"]
[Result "1/2-1/2"]
[Round "08"]
[TimeControl "180+1"]
[Date "2022.05.25"]
[WhiteClock "0:00:55"]
[BlackClock "0:00:21"]

1. e4 c5 2. Nc3 Nc6 3. f4 e6 4. Nf3 d5 5. Bb5 Be7 6. O-O Nf6 7. e5 Nd7 8. Bxc6 bxc6 9. d3 Rb8 10. b3 f6 11. exf6 Bxf6 12. Bb2 Qa5 13. Qe1 O-O 14. Qxe6+ Kh8 15. Ne5 Nxe5 16. Qd6 Nd7 17. Na4 Bxb2 18. Nxb2 Qc3 19. Na4 Qf6 20. Qc7 Rb7 21. Qa5 Qd8 22. Qc3 d4 23. Qc4 Rb4 24. Qe6 Nb8 25. Qe5 Rf5 26. Qe1 Rb7 27. g4 Rf8 28. Nxc5 Re7 29. Qh4 Re2 30. Qxd8 Rxd8 31. f5 Rxc2 32. Rfc1 Rxc1+ 33. Rxc1 g6 34. Rf1 gxf5 35. gxf5 Rg8+ 36. Kh1 Rg5 37. f6 Rxc5 38. f7 Nd7 39. f8=Q+ Nxf8 40. Rxf8+ Kg7 41. Rxc8 Rc1+ 42. Kg2 Rc2+ 43. Kf3 Rxa2 44. Ke4 Rxh2 45. Kxd4 Rh4+ 46. Kc5 a5 47. Rc7+ Kg6 48. Rxc6+ Kg5 49. Kb5 Rb4+ 50. Kxa5 Rxb3 51. d4 Rd3 52. Rd6 h5 53. Kb4 h4 54. Kc4 Rd1 55. Rd5+ Kg4 56. Rd8 h3 57. Rg8+ Kf3 58. Rh8 Kg2 59. Rg8+ Kf3 60. Rh8 Kg2 61. d5 h2 62. Rg8+ Kf3 63. Rh8 Kg2 64. Kc5 h1=Q 65. Rxh1 Kxh1 66. d6 Kg2 67. Kc6 Kf3 68. d7 Ke4 69. Kc7 Ke5 70. d8=Q Rxd8 71. Kxd8 1/2-1/2


[Site "https://www.chess.com"]

[Event "Titled Tuesday Blitz May 24 Early 2022"]
[White "Vignesh, N R"]
[Black "Sargsyan, Anna M."]
[WhiteFideId "25012215"]
[BlackFideId "13308130"]
[WhiteElo "2363"]
[BlackElo "2271"]
[Result "1/2-1/2"]
[Round "08"]
[TimeControl "180+1"]
[Date "2022.05.25"]
[WhiteClock "0:00:59"]
[BlackClock "0:00:10"]

1. d4 d5 2. c4 c6 3. Nf3 Nf6 4. e3 Bg4 5. cxd5 cxd5 6. Qb3 Qb6 7. Qxb6 axb6 8. Ne5 Bd7 9. Nc3 e6 10. Nxd7 Nbxd7 11. Bb5 Bb4 12. Bd2 O-O 13. Ke2 Bd6 14. g4 Rfd8 15. g5 Ne8 16. f4 Nc7 17. Bd3 Nb8 18. h4 Nc6 19. a3 Na5 20. Rag1 Nb3 21. h5 Nxd2 22. Kxd2 Ra5 23. g6 fxg6 24. hxg6 h6 25. Rc1 b5 26. Na2 Ne8 27. Rc2 Kf8 28. Rhc1 Ke7 29. Rc8 Kd7 30. Rxd8+ Kxd8 31. Rc3 h5 32. b4 Ra8 33. Bxb5 Nf6 34. Bd3 h4 35. Ke2 Ke7 36. Kf2 h3 37. Kg1 Ng4 38. Be2 h2+ 39. Kh1 Nf2+ 40. Kxh2 Ne4 41. Rb3 Nd2 42. Rb2 Ne4 43. Rb3 Rh8+ 44. Kg2 Rh6 45. Nc3 Rxg6+ 46. Kh2 Rh6+ 47. Kg1 Rg6+ 48. Kh2 Rh6+ 49. Kg2 Rg6+ 50. Kh2 1/2-1/2


[Site "https://www.chess.com"]

[Event "Titled Tuesday Blitz May 24 Early 2022"]
[White "Vittorino, Carlo Giovanni"]
[Black "Piesik, Piotr"]
[WhiteFideId "4401247"]
[BlackFideId "1136194"]
[WhiteElo "2233"]
[BlackElo "2190"]
[Result "0-1"]
[Round "08"]
[TimeControl "180+1"]
[Date "2022.05.25"]
[WhiteClock "0:00:17"]
[BlackClock "0:01:00"]

1. d4 c5 2. d5 e5 3. e4 d6 4. Nc3 Be7 5. Bb5+ Nd7 6. a4 Bg5 7. Nf3 Bxc1 8. Rxc1 Ne7 9. O-O O-O 10. Nd2 Ng6 11. g3 Nf6 12. Be2 Bh3 13. Re1 Ne7 14. Nc4 b6 15. f3 a6 16. Ne3 Bd7 17. Rb1 Qc7 18. Qd2 Ne8 19. Bf1 f5 20. exf5 Nxf5 21. Nxf5 Bxf5 22. Bd3 Bxd3 23. Qxd3 Nf6 24. Ne4 Nxe4 25. fxe4 Qb7 26. Rf1 b5 27. axb5 axb5 28. Rxf8+ Rxf8 29. Rf1 Rxf1+ 30. Qxf1 c4 31. Qf5 Qb8 32. Qe6+ Kh8 33. Kg2 h6 34. h4 b4 35. Kh3 c3 36. bxc3 bxc3 37. Kg4 Qf8 38. Qf5 Qe8 39. Kf3 Kg8 40. Ke3 Qb8 41. Qe6+ Kh8 42. Kd3 Qb4 43. Qc8+ Kh7 44. Qxc3 Qb5+ 45. Qc4 Qb1 46. Kc3 Qe1+ 47. Kb3 Qxg3+ 48. Ka4 Qxh4 49. Kb5 Qd8 50. Kc6 Qc8+ 51. Kxd6 Qxc4 0-1


[Site "https://www.chess.com"]

[Event "Titled Tuesday Blitz May 24 Early 2022"]
[White "Vo, Thi Kim Phung"]
[Black "Bifulco, Michel"]
[WhiteFideId "12401838"]
[BlackFideId "828580"]
[WhiteElo "2261"]
[BlackElo "2165"]
[Result "0-1"]
[Round "08"]
[TimeControl "180+1"]
[Date "2022.05.25"]
[WhiteClock "0:00:14"]
[BlackClock "0:00:19"]

1. d4 Nf6 2. c4 g6 3. Nc3 Bg7 4. e4 d6 5. Be2 O-O 6. Nf3 e5 7. O-O Nc6 8. d5 Ne7 9. Ne1 Ne8 10. Be3 f5 11. f3 f4 12. Bf2 a5 13. Nd3 b6 14. a3 g5 15. b4 axb4 16. axb4 Rxa1 17. Qxa1 Nf6 18. c5 bxc5 19. bxc5 Rf7 20. Rc1 Bf8 21. cxd6 cxd6 22. Nb5 g4 23. Nc7 gxf3 24. Bxf3 Rg7 25. Ne6 Bxe6 26. dxe6 Ng4 27. Bh4 Ne3 28. Kh1 Qe8 29. Qa8 Qxa8 30. Nf2 Ng6 31. Bg5 Qa3 32. Rg1 Ne7 33. Bh4 Qa2 34. Nh3 h6 35. Bf2 Ng6 36. Rc1 Be7 37. Rc8+ Nf8 38. Rc1 Qd2 39. Rb1 Nxe6 40. Rg1 Nd4 41. Be1 Qa2 42. Bh5 Nxg2 43. Bf2 Nh4 44. Rxg7+ Kxg7 45. Bd1 Qb1 46. Ng1 Qxd1 47. Bxd4 Qxd4 48. Nf3 Nxf3 49. Kg2 Qg1+ 50. Kh3 Qxh2+ 51. Kg4 Qg3+ 52. Kf5 Qg5+ 53. Ke6 Qf6+ 54. Kd5 Nd4 55. Kc4 Qe6+ 56. Kb4 Qb3+ 57. Ka5 Qb5# 0-1


[Site "https://www.chess.com"]

[Event "Titled Tuesday Blitz May 24 Early 2022"]
[White "Volkov, Maksim"]
[Black "Samaganova, Aleksandra"]
[WhiteFideId "54123070"]
[BlackFideId "13800221"]
[WhiteElo "2155"]
[BlackElo "1889"]
[Result "1-0"]
[Round "08"]
[TimeControl "180+1"]
[Date "2022.05.25"]
[WhiteClock "0:00:24"]
[BlackClock "0:00:01"]

1. d4 Nf6 2. c4 e6 3. g3 Bb4+ 4. Bd2 Bxd2+ 5. Qxd2 O-O 6. Bg2 d5 7. Nc3 c6 8. e4 dxc4 9. Nf3 Nbd7 10. O-O Qc7 11. e5 Nd5 12. Ne4 b5 13. Rfe1 c5 14. Nd6 a6 15. Ng5 h6 16. Ngxf7 N7b6 17. Nxc8 Raxc8 18. Nd6 Rcd8 19. dxc5 Qxc5 20. Nb7 Qc7 21. Nxd8 Rxd8 22. Rad1 b4 23. Qc2 a5 24. Rd4 c3 25. Bh3 Qf7 26. Red1 cxb2 27. Qxb2 Na4 28. Qc2 Nac3 29. R1d3 Rf8 30. f4 Qh5 31. Bxe6+ Kh8 32. Bxd5 Ne2+ 33. Kg2 Nxd4 34. Rxd4 Qg4 35. Bf3 Qe6 36. Rd6 Qf7 37. Qb3 Qa7 38. Qe6 Rb8 39. Be4 a4 40. Qg6 Kg8 41. Re6 Kf8 42. Bc6 1-0


[Site "https://www.chess.com"]

[Event "Titled Tuesday Blitz May 24 Early 2022"]
[White "Wadsworth, Matthew J"]
[Black "Korchmar, Vasiliy"]
[WhiteFideId "415804"]
[BlackFideId "24131750"]
[WhiteElo "2294"]
[BlackElo "2370"]
[Result "0-1"]
[Round "08"]
[TimeControl "180+1"]
[Date "2022.05.25"]
[WhiteClock "0:00:04"]
[BlackClock "0:00:46"]

1. Nf3 d5 2. g3 g6 3. Bg2 Bg7 4. c4 c6 5. O-O e5 6. d3 Ne7 7. Nbd2 O-O 8. e4 h6 9. exd5 cxd5 10. cxd5 Nxd5 11. Nc4 Nc6 12. Re1 Re8 13. Bd2 Bf5 14. Qb3 Qd7 15. Rad1 Rad8 16. Ne3 Nxe3 17. Bxe3 Bxd3 18. Nd2 Qf5 19. Qxb7 Nd4 20. Bxd4 exd4 21. Rxe8+ Rxe8 22. Qxa7 Re2 23. Nf3 Bc2 24. Rf1 d3 25. Nd4 Bxd4 26. Qxd4 d2 27. f4 Qd3 28. Qxd3 Bxd3 29. Bf3 Re1 0-1


[Site "https://www.chess.com"]

[Event "Titled Tuesday Blitz May 24 Early 2022"]
[White "Warchol, Kamil"]
[Black "Castaneda, Jhon David"]
[WhiteFideId "21858241"]
[BlackFideId "4405048"]
[WhiteElo "1951"]
[BlackElo "2152"]
[Result "0-1"]
[Round "08"]
[TimeControl "180+1"]
[Date "2022.05.25"]
[WhiteClock "0:00:24"]
[BlackClock "0:00:57"]

1. e4 c5 2. Nf3 Nc6 3. Bb5 g6 4. Bxc6 dxc6 5. d3 Bg7 6. h3 Nf6 7. Nc3 Nd7 8. Be3 e5 9. Qd2 h6 10. O-O Qe7 11. Nh2 Nf8 12. f4 exf4 13. Bxf4 Bd4+ 14. Kh1 g5 15. Be3 Be6 16. Ne2 O-O-O 17. Nxd4 cxd4 18. Bf2 Kb8 19. Bg3+ Ka8 20. Be5 Ng6 21. Bxh8 Rxh8 22. Nf3 c5 23. b4 g4 24. hxg4 Bxg4 25. bxc5 Qxc5 26. Rab1 Be6 27. Qb4 Qh5+ 28. Nh2 Rb8 29. Qxd4 Nh4 30. Qf2 Rg8 31. Rg1 Ng6 32. a4 Ne5 33. Rb5 a6 34. Rxe5 Qxe5 35. Nf3 Qh5+ 36. Qh4 Qa5 37. Rb1 Qxa4 38. Qxh6 Qxc2 39. Qc1 Qxg2# 0-1


[Site "https://www.chess.com"]

[Event "Titled Tuesday Blitz May 24 Early 2022"]
[White "Winkels, Marcel"]
[Black "Bas Mas, Jose Joaquin"]
[WhiteFideId "1003887"]
[BlackFideId "22219064"]
[WhiteElo "1900"]
[BlackElo "2233"]
[Result "1-0"]
[Round "08"]
[TimeControl "180+1"]
[Date "2022.05.25"]
[WhiteClock "0:01:04"]
[BlackClock "0:01:16"]

1. e4 c5 2. Nc3 Nc6 3. Bb5 Nd4 4. Nf3 Nxb5 5. Nxb5 d5 6. exd5 a6 7. Nc3 Nf6 8. d4 Nxd5 9. dxc5 Nxc3 10. Qxd8+ Kxd8 11. bxc3 f6 12. Be3 e5 13. O-O-O+ Kc7 14. Kb2 Be6 15. Nd2 f5 16. f3 Be7 17. Rhe1 Bf6 18. Nb3 Rhd8 19. f4 e4 20. Bd4 Bxb3 21. axb3 Kc6 22. Bxf6 gxf6 23. b4 a5 24. Rxd8 Rxd8 25. g4 Re8 26. gxf5 Kd5 27. Rd1+ Kc4 28. Rd4+ Kb5 29. Kc1 axb4 30. cxb4 Ka4 31. Kd2 Ka3 32. Ke3 Kb2 33. Rxe4 Rb8 34. Rc4 h5 35. b5 Re8+ 36. Kf3 Rd8 37. c6 bxc6 38. bxc6 Rc8 39. c7 Kc1 40. Ke4 Kd2 41. Kd5 Ke3 42. Kd6 Kf3 43. Kd7 1-0


[Site "https://www.chess.com"]

[Event "Titled Tuesday Blitz May 24 Early 2022"]
[White "Yeletsky, Ivan"]
[Black "Swiercz, Dariusz"]
[WhiteFideId "24180327"]
[BlackFideId "1126881"]
[WhiteElo "2319"]
[BlackElo "2627"]
[Result "0-1"]
[Round "08"]
[TimeControl "180+1"]
[Date "2022.05.24"]
[WhiteClock "0:00:02"]
[BlackClock "0:00:08"]

1. e4 c5 2. Nf3 Nc6 3. Bb5 g6 4. c3 Nf6 5. d3 Bg7 6. O-O O-O 7. Re1 d6 8. h3 Bd7 9. Nbd2 Ne5 10. Bxd7 Nfxd7 11. d4 Nd3 12. Re2 cxd4 13. cxd4 Rc8 14. Nf1 Nxc1 15. Rxc1 Qa5 16. a3 Qb6 17. Ne3 e6 18. Rec2 Rxc2 19. Qxc2 Nf6 20. g3 Bh6 21. Nc4 Qc6 22. Ncd2 Nxe4 23. Qb1 Nxd2 24. Nxd2 Qd5 25. Ne4 Bg7 26. Rd1 Rc8 27. Qd3 a6 28. h4 h5 29. Ng5 Rc4 30. Nf3 Bf6 31. Qe3 Kg7 32. Qd3 b5 33. Kg2 Rxd4 34. Qxd4 Bxd4 35. Rxd4 Qc6 36. Rd3 e5 37. Rc3 Qe4 38. Kg1 Qb1+ 39. Kg2 Qxb2 40. Rc7 Qxa3 41. Ng5 Qb3 42. Ra7 Qd5+ 43. Kh2 b4 44. Rxa6 b3 45. Rb6 Qc5 46. Rxb3 Qxf2+ 47. Kh1 Qe1+ 48. Kh2 Qe2+ 49. Kh3 Qd1 50. Rb2 Qh1+ 51. Rh2 Qf1+ 52. Rg2 Qf5+ 53. Kh2 d5 54. Kg1 Qb1+ 55. Kh2 e4 56. Rf2 Qb7 57. Rf4 Qe7 58. Kg2 f6 59. Nh3 d4 60. Kf1 f5 61. Nf2 d3 62. Nd1 Qc5 63. Rf2 Qc1 64. Ke1 e3 65. Rg2 e2 0-1


[Site "https://www.chess.com"]

[Event "Titled Tuesday Blitz May 24 Early 2022"]
[White "Yuan, Qingyu"]
[Black "Brodowski, Piotr"]
[WhiteFideId "8609772"]
[BlackFideId "1124480"]
[WhiteElo "2359"]
[BlackElo "2431"]
[Result "1-0"]
[Round "08"]
[TimeControl "180+1"]
[Date "2022.05.24"]
[WhiteClock "0:00:06"]
[BlackClock "0:00:12"]

1. e4 d6 2. d4 Nf6 3. Nc3 g6 4. Bg5 c6 5. Nf3 Bg7 6. Qd2 h6 7. Bxf6 exf6 8. O-O-O O-O 9. Bd3 b5 10. Kb1 a5 11. h4 Bg4 12. Rde1 Nd7 13. Nh2 b4 14. Na4 Be6 15. f4 f5 16. exf5 Bxf5 17. Bxf5 gxf5 18. g4 Nf6 19. gxf5 Nd5 20. Ng4 h5 21. Ne3 Nf6 22. Rhg1 Kh7 23. Rg2 Qb8 24. b3 Bh6 25. Qd3 Qb5 26. Nc4 d5 27. Ne5 Qxd3 28. Nxd3 Rg8 29. Rxg8 Rxg8 30. Re7 Rg1+ 31. Kb2 Kg7 32. a3 Rh1 33. Ne5 Ne4 34. Rxf7+ Kg8 35. axb4 axb4 36. Rc7 Bxf4 37. Rxc6 Bc1+ 38. Ka2 Bd2 39. f6 Nc3+ 40. Nxc3 Bxc3 41. f7+ Kh7 42. Rxc3 bxc3 43. f8=Q 1-0


[Site "https://www.chess.com"]

[Event "Titled Tuesday Blitz May 24 Early 2022"]
[White "Zemlyanskii, Ivan"]
[Black "Hoffmann, Asa"]
[WhiteFideId "24249971"]
[BlackFideId "2001470"]
[WhiteElo "1815"]
[BlackElo "2117"]
[Result "1-0"]
[Round "08"]
[TimeControl "180+1"]
[Date "2022.05.25"]
[WhiteClock "0:00:17"]
[BlackClock "0:00:18"]

1. d4 Nf6 2. c4 c5 3. d5 e5 4. Nc3 d6 5. e4 Be7 6. h3 Nbd7 7. Nf3 Nf8 8. Bd3 Ng6 9. g3 O-O 10. Be3 a6 11. a4 b6 12. Kf1 Ne8 13. Kg2 f5 14. exf5 Bxf5 15. Bxf5 Rxf5 16. h4 h6 17. Qc2 Qd7 18. h5 Nh8 19. Ne4 Nf6 20. Nxf6+ Rxf6 21. Nd2 Raf8 22. Ne4 Rf3 23. Nd2 R3f5 24. Qe4 Nf7 25. a5 bxa5 26. Rxa5 Bg5 27. f4 exf4 28. gxf4 Re8 29. Qf3 Rxe3 30. Qxe3 Rxf4 31. Qe6 Qb7 32. Rf1 Qxb2 33. Rxf4 Qxd2+ 34. Rf2 Qxa5 35. Rxf7 1-0


[Site "https://www.chess.com"]

[Event "Titled Tuesday Blitz May 24 Early 2022"]
[White "Zhigalko, Sergei"]
[Black "Gabrielian, Artur"]
[WhiteFideId "13502956"]
[BlackFideId "4131002"]
[WhiteElo "2662"]
[BlackElo "2440"]
[Result "1-0"]
[Round "08"]
[TimeControl "180+1"]
[Date "2022.05.24"]
[WhiteClock "0:00:05"]
[BlackClock "0:00:04"]

1. e4 c5 2. Nf3 d6 3. d4 cxd4 4. Qxd4 Nc6 5. Bb5 Bd7 6. Bxc6 Bxc6 7. Nc3 Nf6 8. Bg5 e6 9. O-O-O Be7 10. Rhe1 O-O 11. Kb1 h6 12. Bh4 Re8 13. Qd3 Rc8 14. Bg3 d5 15. e5 Ne4 16. Nxe4 dxe4 17. Qxd8 Rexd8 18. Nd4 Be8 19. Rxe4 Bc5 20. Rd3 Rd5 21. f3 Rcd8 22. c3 b5 23. Kc2 b4 24. Bh4 g5 25. Bf2 bxc3 26. bxc3 Ba4+ 27. Kc1 Rb8 28. h4 Ba3+ 29. Kd2 Rb2+ 30. Ke1 Rxa2 31. hxg5 hxg5 32. Rd2 Ra1+ 33. Ke2 Bb5+ 34. Nxb5 Rxb5 35. Ra4 Rbb1 36. Rxa7 Bf8 37. Rxa1 Rxa1 38. Bd4 Kg7 39. g4 Kg6 40. Kd3 Rf1 41. Ke2 Rc1 42. Rb2 Be7 43. Rb7 Ba3 44. Ra7 Bf8 45. Ra8 Be7 46. Rg8+ Kh7 47. Re8 Ba3 48. Ra8 Ra1 49. c4 Ra2+ 50. Kd3 1-0


[Site "https://www.chess.com"]

[Event "Titled Tuesday Blitz May 24 Early 2022"]
[White "Zorbos"]
[Black "Itkis, Boris"]
[BlackFideId "1209167"]
[WhiteElo "2483"]
[BlackElo "2207"]
[Result "0-1"]
[Round "08"]
[TimeControl "180+1"]
[Date "2022.05.25"]
[WhiteClock "0:00:32"]
[BlackClock "0:00:11"]

1. c4 e5 2. g3 Nf6 3. Bg2 d5 4. cxd5 Nxd5 5. Nc3 Nb6 6. Nf3 Nc6 7. O-O Be6 8. d3 Be7 9. a3 O-O 10. b4 f6 11. Bb2 a6 12. Rc1 Qd7 13. Ne4 Rad8 14. Nc5 Bxc5 15. Rxc5 Ne7 16. Qc2 c6 17. Nd2 Nf5 18. Qd1 Nd4 19. Rc1 Bh3 20. Bxd4 exd4 21. Qb3+ Nd5 22. Ne4 Bxg2 23. Kxg2 Kh8 24. a4 Qe7 25. Rfe1 Qxb4 26. Qxb4 Nxb4 27. a5 Nd5 28. Nc5 Rf7 29. Rb1 Nc3 30. Rxb7 Rxb7 31. Nxb7 Rb8 32. Nc5 Rb5 33. Nxa6 Rxa5 34. Nc7 Re5 35. e4 dxe3 36. fxe3 Kg8 37. Kf3 Re7 38. Rc1 Nd5 39. Nxd5 cxd5 40. Rc5 Rd7 41. Ke2 Kf7 42. Kd2 d4 43. e4 Ra7 44. Rc4 Ra2+ 45. Ke1 Rxh2 46. Rxd4 Ke6 47. Kf1 h5 48. Rd8 h4 49. gxh4 Rxh4 50. Kf2 Rh1 51. Ke3 Re1+ 52. Kd4 f5 53. e5 f4 54. Rf8 g5 55. Rf6+ Ke7 56. Rf5 Rg1 57. Kd5 Rg3 58. d4 f3 59. Ke4 g4 60. d5 Rg1 61. d6+ Ke6 62. Rf6+ Kd7 63. Kf5 f2 64. Rf7+ Kc6 65. Ke6 f1=Q 66. Rc7+ Kb6 0-1


[Site "https://www.chess.com"]